 Dungeon Crawl Stone Soup version 0.31-a0-981-geadf994542 (webtiles) character file.

Game seed: 16991157196053457601

9744 jasper the Nimble (level 11, 0/68 HPs)
             Began as a Deep Elf Conjurer on Oct 31, 2023.
             Was a Priest of Vehumet.
             Slain by a troll (4 damage)
             ... on level 10 of the Dungeon.
             The game lasted 00:19:41 (10706 turns).

jasper the Nimble (Deep Elf Conjurer)              Turns: 10706, Time: 00:19:41

Health: 0/68       AC: 12    Str:  4    XL:     11   Next: 27%
Magic:  1/22       EV: 14    Int: 28    God:    Vehumet [***...]
Gold:   422        SH:  0    Dex: 13    Spells: 6/22 levels left

rFire   . . .        o - staff of conjuration
rCold   . . .        (no shield)
rNeg    . . .        M - +3 leather armour
rPois   .            H - +0 helmet
rElec   .            s - +1 cloak
rCorr   .            O - +2 pair of gloves
SInv    .            (no boots)
Will    +....        (no amulet)
Stlth   ++           B - ring of wizardry
HPRegen 0.31/turn    (no ring)
MPRegen 0.18/turn

%: wizardry (x1)
@: very slightly contaminated
A: no striking features
a: Renounce Religion


You were on level 10 of the Dungeon.
You worshipped Vehumet.
Vehumet was most pleased with you.
You visited 2 branches of the dungeon, and saw 12 of its levels.

You collected 683 gold pieces.
You spent 261 gold pieces at shops.

Inventory:

Hand Weapons
 e - a +0 dagger
 m - the +5 spear of the Sun {speed, Str+4 Dex+3 SInv}
   (You found it on level 2 of the Dungeon)

   Str+4:     It affects your strength (+4).
   Dex+3:     It affects your dexterity (+3).
   SInv:      It lets you see invisible.
Missiles
 c - 27 poisoned darts
 f - 3 throwing nets
Armour
 a - a +0 robe
 s - a +1 cloak (worn)
 v - a +2 pair of gloves
 H - a +0 helmet (worn)
 J - a +0 kite shield
 M - a +3 leather armour (worn)
 O - a +2 pair of gloves (worn)
 R - the -1 kite shield "Koimnuugg" {rC++ rCorr Int+3 Dex-2}
   (You found it on level 11 of the Dungeon)

   Int+3:     It affects your intelligence (+3).
   Dex-2:     It affects your dexterity (-2).
   rC++:      It greatly protects you from cold.
   rCorr:     It protects you from acid and corrosion.
Magical Staves
 o - a staff of conjuration (weapon)
Jewellery
 B - a ring of wizardry (left hand)
 G - a ring of willpower
 K - a ring of protection from cold
 N - a ring of protection from cold
 S - an amulet of magic regeneration
Talismans
 n - a beast talisman
Wands
 I - a wand of digging (4)
 L - a wand of mindburst (6)
Scrolls
 i - a scroll of revelation
 l - 3 scrolls of vulnerability
 p - a scroll of fear {unknown}
 q - a scroll of poison {unknown}
 u - 3 scrolls of teleportation
 w - 2 scrolls of identify
 x - 2 scrolls of fog
 y - a scroll of summoning {unknown}
 C - a scroll of enchant armour
 E - a scroll of brand weapon {unknown}
 Q - a scroll of immolation
Potions
 b - a potion of magic
 d - 5 potions of lignification
 g - 2 potions of degeneration
 h - 8 potions of curing {unknown}
 j - a potion of mutation
 k - 2 potions of berserk rage {unknown}
 r - 3 potions of heal wounds {unknown}
 t - a potion of resistance {unknown}
 z - a potion of attraction {unknown}
 A - 3 potions of haste {unknown}
 D - a potion of ambrosia {unknown}
 F - 3 potions of invisibility {unknown}
 P - a potion of brilliance {unknown}


   Skills:
 - Level 7.7 Fighting
 - Level 8.6 Staves
 - Level 10.0 Dodging
 - Level 2.4 Stealth
 + Level 6.4 Spellcasting
 - Level 6.0 Conjurations
 - Level 6.0 Hexes
 - Level 4.0 Translocations
 - Level 5.0 Evocations


You had 6 spell levels left.
You knew the following spells:

 Your Spells              Type           Power      Damage    Failure   Level
a - Magic Dart            Conj           100%       1d8       1%          1
b - Searing Ray           Conj           100%       2d8       1%          2
c - Fulminant Prism       Conj/Hex       29%        3d14      1%          4
d - Iskenderun's Mystic   Conj/Tloc      53%        2d11      1%          4
e - Passwall              Tmut/Erth      6%         N/A       6%          2
f - Swiftness             Air            8%         N/A       12%         3

Your spell library contained the following spells:

 Spells                   Type           Power      Damage    Failure   Level
 Hailstorm                Conj/Ice       38%        3d9       1%          3
 Ensorcelled Hibernation  Hex/Ice        50%        N/A       1%          2
 Poisonous Vapours        Pois/Air       16%        N/A       1%          2
 Dazzling Flash           Conj/Hex       100%       N/A       1%          3
 Inner Flame              Hex/Fire       25%        N/A       1%          3
 Mephitic Cloud           Conj/Pois/Air  30%        N/A       1%          3
 Ozocubu's Armour         Ice            8%         N/A       12%         3
 Freezing Cloud           Conj/Ice/Air   15%        6-21      13%         5
 Plasma Beam              Fire/Air       4%         2x1d14    77%         6


Dungeon Overview and Level Annotations

Branches:
Dungeon (12/15)            Temple (1/1) D:5            Lair (0/5) D:8
    Orc (0/2) D:10

Altars:
Ashenzari
Cheibriados
Dithmenos
Elyvilon
Fedhas
Gozag
Hepliaklqana
Kikubaaqudgha
Makhleb
Nemelex Xobeh
Okawaru
Qazlal
Sif Muna
Trog
Vehumet
Wu Jian
Xom
Zin
The Shining One

Shops:
D:4 *   D:10 =

Annotations:
D:6 Grinder
D:10 3 runed translucent doors, pigah's ghost, journeyman OpSh


Message History

Things that are here:
a +0 flail; a +0 chain mail
Casting: Searing Ray (safe; 1% risk of failure)
Confirm with . or Enter, or press ? or * to list all spells.
Aiming: Searing Ray (safe; 1% risk of failure)
Press: ? - help, Shift-Dir - straight line, f - troll
Aim: a troll (83% to hit)
You feel a surge of power!
The searing ray hits the troll!
The troll is lightly wounded.
The searing ray hits the gnoll sergeant!
The gnoll sergeant is moderately wounded. (Press . to maintain the ray.)
The troll bites you. The troll barely misses you. The troll claws you.
You take 9 damage, and have 51/68 hp.
You now have 4/22 mp.
The searing ray hits the troll.
The troll is lightly wounded.
The searing ray hits the gnoll sergeant.
The gnoll sergeant is heavily wounded.
The searing ray hits the gnoll!
You kill the gnoll!
Vehumet accepts your kill.
You feel your power returning.
The gnoll sergeant hits you from afar with a +0 spear!
The troll bites you! The troll claws you! x2
* * * LOW HITPOINT WARNING * * *
You take 38 damage, and have 13/68 hp.
MASSIVE DAMAGE!!
Okay, then.
Okay, then.
Okay, then.
Okay, then.
Casting: Searing Ray (safe; 1% risk of failure)
Confirm with . or Enter, or press ? or * to list all spells.
You miscast Swiftness.
You are very lightly contaminated with residual magic.
Sparks of electricity dance around you.
* * * LOW HITPOINT WARNING * * *
The gnoll sergeant hits you from afar with a +0 spear.
* * * LOW HITPOINT WARNING * * *
The troll misses you. The troll claws you.
You die...

# #<.........# #.......#### #...
# #..........# #..........###...
###....).....####.......##..##...
..#..........##.........###..#...
#.#..........##.#.......# ##.+...
#.............>.#.......# ###...
###....).....##.#.......# #... #
#..........##.#######.# #... #
#....).....##.@TgK....# #### #
#..........######K##### #
############ 8)).8 ### #O.K..#
#.. #.g>..# ###'# #.....####
#.... #8...8#..# #.... #######<.#
#.... ##################.......#
#..##


You could see a troll, 2 kobold brigands and a gnoll sergeant.

Vanquished Creatures
  Josephine (D:11)
  A two-headed ogre (D:11)
  An unseen horror (D:10)
  A komodo dragon (D:11)
  2 trolls
  3 wyverns
  A shadow (D:10)
  Eustachio (D:6)
  4 yaks
  Grum (D:11)
  5 wraiths
  2 steam dragons (D:8)
  Duvessa (D:7)
  4 orc warriors
  5 black bears
  4 sky beasts
  An ogre (D:10)
  3 ice beasts
  5 centaurs (D:11)
  3 wolves (D:11)
  2 phantoms
  3 bullfrogs
  A kobold brigand (D:10)
  2 gnoll sergeants (D:10)
  4 scorpions
  7 wights
  Dowan (D:7)
  15 killer bees
  2 jellies
  3 howler monkeys (D:10)
  5 hounds
  4 orc priests
  3 iguanas
  8 orc wizards
  7 gnolls (D:10)
  7 adders
  2 shadow imps (D:7)
  2 white imps
  An ufetubus (D:7)
  2 worms
  4 dart slugs
  27 orcs
  9 endoplasms
  4 goblins
  7 hobgoblins
  6 jackals
  2 quokkas
  8 ball pythons
  3 frilled lizards
  5 kobolds
  5 rats
210 creatures vanquished.

Vanquished Creatures (others)
  A human (D:5)
  37 fulminant prisms
38 creatures vanquished.

Grand Total: 248 creatures vanquished

Notes
Turn   | Place    | Note
-------+----------+-------------------------------------------
     0 | D:1      | jasper the Deep Elf Conjurer began the quest for the Orb.
     0 | D:1      | Reached XP level 1. HP: 10/10 MP: 6/6
   281 | D:1      | Reached XP level 2. HP: 15/15 MP: 6/8
   284 | D:1      | Learned a level 2 spell: Searing Ray
   553 | D:1      | Reached skill level 5 in Conjurations
   603 | D:1      | Reached XP level 3. HP: 19/19 MP: 8/10
  1092 | D:2      | Found a hazy altar of Hepliaklqana.
  1501 | D:2      | Identified the +5 spear of the Sun {speed, Str+4 Dex+3
                  | SInv}
  1786 | D:3      | Reached XP level 4. HP: 24/24 MP: 2/12
  1791 | D:3      | Learned a level 4 spell: Fulminant Prism
  1796 | D:3      | Learned a level 4 spell: Iskenderun's Mystic Blast
  1917 | D:3      | Found a faded altar of an unknown god.
  2193 | D:3      | Reached skill level 1 in Hexes
  2381 | D:3      | Found a blossoming altar of Fedhas.
  2547 | D:4      | Identified the +4 hand axe of Dishonour {venom, rF+ Int+3}
  2588 | D:4      | Noticed an ice beast
  2591 | D:4      | Killed an ice beast
  2592 | D:4      | Reached XP level 5. HP: 20/28 MP: 8/13
  2717 | D:4      | Noticed a phantom
  2723 | D:4      | Killed a phantom
  2724 | D:4      | Reached skill level 5 in Hexes
  2724 | D:4      | Reached XP level 6. HP: 32/32 MP: 6/14
  2831 | D:4      | Reached skill level 1 in Translocations
  2971 | D:4      | Found Yfigutru's Assorted Antiques.
  2974 | D:4      | Bought a scroll of teleportation for 81 gold pieces
  2974 | D:4      | Bought 2 orange potions for 48 gold pieces
  2974 | D:4      | Bought a fizzy blue potion for 24 gold pieces
  3272 | D:5      | Entered Level 5 of the Dungeon
  3501 | D:5      | Found a staircase to the Ecumenical Temple.
  3508 | D:5      | Found an ancient bone altar of Kikubaaqudgha.
  3514 | D:5      | Noticed a human
  3515 | D:5      | Killed a human
  3519 | Temple   | Entered the Ecumenical Temple
  3630 | D:5      | Reached XP level 7. HP: 36/36 MP: 8/15
  3842 | D:5      | Reached skill level 1 in Fighting
  3842 | D:5      | Reached skill level 3 in Dodging
  4170 | D:5      | Reached skill level 4 in Dodging
  4502 | D:6      | Reached skill level 1 in Staves
  4502 | D:6      | Reached skill level 1 in Evocations
  4601 | D:6      | Found a broken altar of Ashenzari.
  4601 | D:6      | Found a shimmering altar of Xom.
  4611 | D:6      | Reached XP level 8. HP: 45/45 MP: 11/16
  4617 | D:6      | Noticed Eustachio
  4747 | D:6      | Reached skill level 5 in Dodging
  4862 | D:6      | Killed Eustachio
  5131 | D:6      | Found a white marble altar of Elyvilon.
  5228 | D:6      | Found a radiant altar of Vehumet.
  5240 | D:6      | Became a worshipper of Vehumet
  5602 | D:6      | Noticed Grinder
  5795 | D:4      | Bought a brass wand for 108 gold pieces
  5878 | D:7      | Identified the "Peink"
  6072 | D:7      | Reached skill level 6 in Dodging
  6213 | D:7      | Reached XP level 9. HP: 52/52 MP: 3/17
  6299 | D:7      | Noticed Duvessa
  6306 | D:7      | Noticed Dowan
  6308 | D:7      | Killed Duvessa
  6443 | D:7      | Killed Dowan
  6551 | D:7      | Learned a level 2 spell: Passwall
  6555 | D:7      | Learned a level 3 spell: Swiftness
  6737 | D:7      | Reached skill level 7 in Dodging
  6774 | D:7      | Reached skill level 5 in Evocations
  6792 | D:7      | Reached * piety under Vehumet
  6792 | D:7      | Offered knowledge of Shock by Vehumet.
  7091 | D:7      | Found a stormy altar of Qazlal.
  7324 | D:8      | Reached skill level 5 in Staves
  7446 | D:8      | Reached skill level 5 in Fighting
  7524 | D:8      | Reached skill level 8 in Dodging
  7823 | D:8      | Reached XP level 10. HP: 59/59 MP: 12/18
  7982 | D:8      | Found a staircase to the Lair.
  8164 | D:8      | You fall into a shaft and drop 3 floors!
  8214 | D:11     | Noticed Josephine
  8222 | D:11     | Killed Josephine
  8223 | D:11     | Reached skill level 9 in Dodging
  8654 | D:11     | Offered knowledge of Poisonous Vapours by Vehumet.
  8654 | D:11     | Reached ** piety under Vehumet
  8656 | D:11     | Reached skill level 10 in Dodging
  9202 | D:11     | Noticed a two-headed ogre
  9213 | D:11     | Killed a two-headed ogre
  9499 | D:11     | Found a broken altar of Ashenzari.
  9527 | D:11     | Noticed Grum
  9534 | D:11     | Reached XP level 11. HP: 57/67 MP: 3/19
  9551 | D:11     | Killed Grum
  9693 | D:11     | Identified the -1 kite shield "Koimnuugg" {rC++ rCorr Int+3
                  | Dex-2}
  9842 | D:10     | Entered Level 10 of the Dungeon
 10025 | D:10     | Offered knowledge of Hailstorm by Vehumet.
 10364 | D:10     | Identified the +1 ring mail of Time Monsters {Fly rC-
                  | Dex+5}
 10534 | D:10     | Reached skill level 5 in Spellcasting
 10617 | D:10     | Found Uzim's Jewellery Shop.
 10639 | D:10     | Found a runed translucent gate.
 10640 | D:10     | Found a runed translucent gate.
 10641 | D:10     | Found a runed translucent gate.
 10641 | D:10     | Noticed pigah's ghost (journeyman OpSh)
 10678 | D:10     | Found a staircase to the Orcish Mines.
 10681 | D:10     | Reached *** piety under Vehumet
 10706 | D:10     | Slain by a troll

Illustrated notes

Levels and vault maps discovered:
D:1:      ncdulo_watergridlock, layout_basic, st_stairs_9
D:2:      layout_basic, basic_altar
D:3:      layout_basic, fedhas_altar_3, ebering_ecumenical_altar_petrified
D:4:      layout_rooms, serial_shops, nicolae_shop_real_fake_doors,
          minmay_stone_trees_medium
D:5:      layout_basic, tgw_kikubaaqudgha, minmay_temple_entry_junction
D:6:      layout_rooms, amcnicky_altar_gilded, elyvilon_altar_4,
          nicolae_overflow_two_pavilions, uniq_eustachio, uniq_grinder
D:7:      layout_cave_pools, nicolae_qazlal_eye_of_the_storm, minivault_23,
          minmay_fractal_squares_diagonal_5, uniq_duvessa
D:8:      layout_loops_ring, due_lair_maze_entry_diamond
D:10:     layout_roguey, kennysheep_orc_monster_closet_entryway,
          gammafunk_ghost_nasty_kobolds, serial_shops, shop,
          hangedman_abyss_or_decor_passed
D:11:     layout_basic, ashenzari_conservatory_becter, uniq_grum, uniq_josephine
D:12:     minmay_the_grid_plus_closed [minmay_the_grid_tri_star,
          minmay_the_grid_spikes, minmay_the_grid_mess,
          minmay_the_grid_tiny_cups, minmay_the_grid_prize_shrinking_boxes],
          layout_loops_ring, uniq_snorg, uniq_frances
Temple:   nicolae_temple_godzebo

Skill      XL: |  1  2  3  4  5  6  7  8  9 10 11 |
---------------+----------------------------------+-----
Spellcasting   | 4 6 |  6.4
Conjurations   | 5 6 |  6.0
Hexes          | 4 5 6 |  6.0
Translocations | 4 |  4.0
Fighting       | 2 4 5 7 |  7.7
Dodging        | 4 6 8 10 | 10.0
Staves         | 1 3 5 8 |  8.6
Evocations     | 1 4 5 |  5.0
Stealth        | |  2.4

Action                     |  1- 3 |  4- 6 |  7- 9 | 10-12 || total
---------------------------+-------+-------+-------+-------++-------
  Melee: Staff             |       |       |    56 |    60 ||   116
   Cast: Magic Dart        |    55 |    68 |    78 |    22 ||   223
         Searing Ray       |     2 |     9 |    35 |    30 ||    76
         Fulminant Prism   |       |       |    20 |    17 ||    37
         Iskenderun's Myst |       |       |    11 |    21 ||    32
  Evoke: Wand              |       |       |     1 |    15 ||    16
    Use: Scroll            |     3 |     9 |       |       ||    12
         Potion            |       |       |       |     1 ||     1
 Armour: Robe              |     1 |     3 |    64 |     2 ||    70
         Leather armour    |       |       |       |   120 ||   120
  Dodge: Dodged            |     1 |       |    98 |   111 ||   210

Table legend: (Time is in decaauts)
 A = Elapsed time spent in this place.
 B = Non-inter-level travel time spent in this place.
 C = Inter-level travel time spent in this place.
 D = Time resting spent in this place.
 E = Time spent auto-exploring this place.
 F = Levels seen in this place.
 G = Mean time per level.
                   A        B        C        D        E       F      G
               +--------+--------+--------+--------+--------+-----+--------+
         Total |  10704 |  10245 |    459 |    769 |   8149 |  12 |  892.0 |
       Dungeon |  10700 |  10241 |    459 |    769 |   8149 |  11 |  972.7 |
        Temple |      4 |      4 |      0 |      0 |      0 |   1 |    4.0 |
               +--------+--------+--------+--------+--------+-----+--------+

Top non-repeatable levels by time:
    D:11: 1680 daAuts
     D:5: 1582 daAuts
     D:7: 1498 daAuts
     D:6: 1132 daAuts
     D:1: 986 daAuts
    D:10: 852 daAuts
     D:4: 812 daAuts
     D:2: 781 daAuts
     D:3: 707 daAuts
     D:8: 663 daAuts
  Temple: 4 daAuts
    D:12: 3 daAuts
